 Dungeon Crawl Stone Soup version 0.28.0-53-g5a82cb258f (webtiles) character file.

Game seed: 17901150549560704814

938 MiltankisOP the Changer (level 7, -6/52 HPs)
             Began as a Yellow Draconian Transmuter on July 12, 2022.
             Was a Follower of Cheibriados.
             Killed from afar by Dowan (14 damage)
             ... with a shard of ice
             ... on level 5 of the Dungeon on July 13, 2022.
             The game lasted 00:11:05 (4708 turns).

MiltankisOP the Changer (DrTm)                      Turns: 4708, Time: 00:11:05

Health: -6/52      AC:  7    Str: 14    XL:     7   Next: 87%
Magic:  9/12       EV: 12    Int: 17    God:    Cheibriados [*.....]
Gold:   170        SH:  0    Dex: 14    Spells: 6/13 levels left

rFire   . . .      SeeInvis .     - Unarmed
rCold   . . .      Faith    .   (no shield)
rNeg    . . .      Spirit   .   (armour unavailable)
rPois   .          Reflect  .   (helmet currently unavailable)
rElec   .          Harm     .   f - +0 cloak
rCorr   +          Rampage  .   (no gloves)
Will    .....                   (boots currently unavailable)
Stlth   +.........              (no amulet)
HPRegen 0.17/turn               a - ring of wizardry
MPRegen 0.13/turn               (no ring)

@: short of breath, appendages, invisible, very slow
A: horns 2, talons 2, spit acid, AC +6, unfitting armour, cold-blooded, acid
resistance
a: Breathe Acid, End Transformation, Renounce Religion, Bend Time


You were on level 5 of the Dungeon.
You worshipped Cheibriados.
Cheibriados was aware of your devotion.
You had temporarily grown beastly horns and talons.
You visited 1 branch of the dungeon, and saw 5 of its levels.
You also visited: Sewer.

You collected 170 gold pieces.

Inventory:

Armour
 f - a +0 cloak (worn)
Jewellery
 a - a ring of wizardry (left hand)
 k - a ring of resist corrosion
Wands
 j - a wand of polymorph (2)
 m - a wand of paralysis (3)
Scrolls
 b - a scroll of enchant armour {unknown}
 c - a scroll of magic mapping {unknown}
 d - a scroll of enchant weapon {unknown}
 g - 2 scrolls of teleportation
 i - 2 scrolls of identify {unknown}
 q - a scroll of fear {unknown}
 r - a scroll of torment {unknown}
Potions
 e - a potion of mutation {unknown}
 h - a potion of heal wounds {unknown}
 l - 5 potions of flight
 n - a potion of brilliance {unknown}
 o - a potion of might {unknown}
 p - a potion of invisibility
 s - a potion of magic {unknown}


   Skills:
 - Level 1.1 Fighting
 - Level 1.7 Dodging
 - Level 3.0 Unarmed Combat
 + Level 3.6 Spellcasting
 - Level 6.0 Transmutations
 - Level 5.0 Ice Magic
 - Level 3.0 Poison Magic


You had 6 spell levels left.
You knew the following spells:

 Your Spells              Type           Power      Damage    Failure   Level
a - Beastly Appendage     Tmut           46%        N/A       1%          1
b - Spider Form           Tmut/Pois      18%        N/A       3%          3
c - Ozocubu's Armour      Ice            20%        N/A       2%          3

Your spell library contained the following spells:

 Spells                   Type           Power      Damage    Failure   Level
 Wereblood                Tmut           23%        N/A       1%          2
 Ice Form                 Ice/Tmut       21%        N/A       7%          4
 Static Discharge         Conj/Air       3%         N/A       11%         2
 Metabolic Englaciation   Hex/Ice        5%         N/A       52%         5
 Lightning Bolt           Conj/Air       1%         1d12      86%         5
 Simulacrum               Ice/Necr       5%         N/A       97%         6
 Maxwell's Capacitive Co  Air            1%         ∞         100%        8


Dungeon Overview and Level Annotations

Branches:
Dungeon (5/15)              Sewer (visited)
 Temple: D:4-7

Altars:
Cheibriados
Gozag
Okawaru

Shops:
D:1 !

Annotations:
D:5 1 transporter, Dowan; kerlis's ghost, novice MiBe


Innate Abilities, Weirdness & Mutations

You have temporarily grown beastly horns and talons.
You can spit globs of acid.
Your golden yellow scales are hard. (AC +6)
You cannot fit into any form of body armour.
You are cold-blooded and may be slowed by cold attacks.
You are resistant to acid. (rCorr)


Message History

Dowan is heavily wounded.
Dowan closely misses you. Dowan barely misses you.
You hit Dowan. You headbutt Dowan, but do no damage.
Dowan is heavily wounded.
Dowan hits you with a +0 dagger.
* * * LOW HITPOINT WARNING * * *
You closely miss Dowan. You claw Dowan, but do no damage. You tail-slap Dowan.
You punch Dowan.
Dowan is almost dead.
Dowan closely misses you.
You hit Dowan. You claw Dowan, but do no damage.
Dowan is almost dead.
Dowan hits you with a +0 dagger.
* * * LOW HITPOINT WARNING * * *
Dowan casts a spell.
Dowan blinks!
Okay, then.
It was a potion of invisibility.
You fade into invisibility!
Dowan says, "Her death will not be in vain!"
Dowan gestures wildly while chanting.
Dowan blinks!
s - a purple potion You now have 170 gold pieces (gained 9).
Things that are here:
a +0 short sword; a +0 ring mail Dowan gestures at you while chanting.
The stone arrow misses you.
Things that are here:
a +0 short sword; a +0 ring mail You barely miss Dowan.
Your kick misses Dowan.
Dowan is almost dead.
Dowan breathes, "And she was my only..."
Dowan hits you with a +0 dagger.
* * * LOW HITPOINT WARNING * * *
You closely miss Dowan.
Your tail-slap misses Dowan.
Dowan is almost dead.
Dowan gestures at you while chanting. The shard of ice hits you!
You die...

##..## ...
#######..##
.........#
........##
........#
######..###
##....##
#...#..##########
#.......@e.......
#..#######.....>$
#.. ....... ....
.#..... ..##.
....... ## #. ..
.... ..# ..# .##
.##


You could see Dowan (fast, corroded).

Vanquished Creatures
  Duvessa (D:5)
  A black bear (D:4)
  2 ogres (D:4)
  A phantom (D:4)
  A wyvern skeleton (D:4)
  2 howler monkeys (D:4)
  A hound (D:5)
  Ijyb (D:3)
  2 iguanas
  A merfolk siren (Sewer)
  A merfolk avatar (Sewer)
  7 adders
  4 river rats (Sewer)
  An ufetubus (D:5)
  An adder skeleton (D:4)
  2 worms (D:3)
  3 dart slugs (D:1)
  An orc (D:3)
  13 ball pythons
  5 bats
  8 endoplasms
  A giant cockroach (D:1)
  5 hobgoblins
  9 jackals
  8 kobolds
  5 quokkas
  11 frilled lizards
  4 goblins
  20 rats
122 creatures vanquished.

Notes
Turn   | Place    | Note
-------+----------+-------------------------------------------
     0 | D:1      | MiltankisOP the Draconian Transmuter began the quest for
                  | the Orb.
     0 | D:1      | Reached XP level 1. HP: 16/16 MP: 3/3
   353 | D:1      | Reached skill level 1 in Poison Magic
   357 | D:1      | Reached XP level 2. HP: 23/23 MP: 3/5
   404 | D:1      | Found Elodgh Guoje's Distillery.
   696 | D:2      | Reached XP level 3. HP: 24/28 MP: 6/6
   904 | D:2      | Reached skill level 3 in Transmutations
  1288 | D:2      | Reached XP level 4. HP: 35/35 MP: 7/7
  1387 | D:2      | Learned a level 3 spell: Spider Form
  1481 | D:3      | Noticed Ijyb
  1498 | D:3      | Killed Ijyb
  1553 | D:3      | Found a glowing drain.
  1574 | Sewer    | Entered a sewer
  1742 | Sewer    | Reached skill level 4 in Transmutations
  1870 | Sewer    | Reached XP level 5. HP: 36/40 MP: 1/8
  1882 | Sewer    | Reached skill level 1 in Ice Magic
  2500 | D:3      | Found a faded altar of an unknown god.
  2833 | D:3      | Reached XP level 6. HP: 46/47 MP: 4/9
  3161 | D:3      | Found an iron altar of Okawaru.
  3162 | D:3      | Found a snail-covered altar of Cheibriados.
  3163 | D:3      | Found an opulent altar of Gozag.
  3173 | D:3      | Became a worshipper of Cheibriados the Contemplative
  3239 | D:3      | Found the +4 robe of Augmentation {Str+4 Int+4 Dex+4}
  3672 | D:4      | Reached skill level 5 in Transmutations
  3908 | D:4      | Your scales start taking on a golden yellow colour.
  3908 | D:4      | Reached XP level 7. HP: 50/52 MP: 6/10
  3908 | D:4      | Gained mutation: You are resistant to acid. (rCorr) [Yellow
                  | Draconian growth]
  3916 | D:4      | Learned a level 3 spell: Ozocubu's Armour
  3959 | D:4      | Reached skill level 6 in Transmutations
  4206 | D:4      | You fall into a shaft and drop 1 floor!
  4206 | D:5      | Entered Level 5 of the Dungeon
  4206 | D:5      | Noticed a yak
  4206 | D:5      | Noticed a yak
  4206 | D:5      | Noticed a yak
  4208 | D:5      | Found a transporter.
  4208 | D:5      | Noticed kerlis's ghost (novice MiBe)
  4225 | D:5      | Reached * piety under Cheibriados
  4226 | D:5      | Reached skill level 5 in Ice Magic
  4680 | D:5      | Noticed Dowan
  4680 | D:5      | Noticed Duvessa
  4696 | D:5      | Killed Duvessa
  4708 | D:5      | Killed from afar by Dowan

Illustrated notes

Levels and vault maps discovered:
D:1:      dpeg_arrival_line_fractal, layout_basic, serial_shops, shop
D:2:      layout_basic
D:3:      minmay_octagon_keep, layout_basic,
          chequers_temple_overflow_statue_of_worship, serial_curves,
          eino_curves_02, eino_curves_01,
          dreamdust_ecumenical_altar_hidden_monk_grotto,
          cheibrodos_sewer_entry_drain, minmay_close_crescents, uniq_ijyb
D:4:      layout_cave_pools, amethyst_killhole
D:5:      layout_cave_pods, mainiacjoe_overflow_cross_hatched,
          gammafunk_ghost_stat_death, uniq_duvessa

Skill      XL: |  1  2  3  4  5  6  7 |
---------------+----------------------+-----
Poison Magic   | 1 2 3 |  3.0
Transmutations | 3 4 5 6 |  6.0
Ice Magic      | 2 4 5 |  5.0
Spellcasting   | 3 |  3.6
Fighting       | |  1.1
Dodging        | |  1.7
Unarmed Combat | |  3.0

Action                   |  1- 3 |  4- 6 |  7- 9 || total
-------------------------+-------+-------+-------++-------
Melee: Unarmed           |    96 |   235 |    58 ||   389
       Kick              |    24 |    11 |     9 ||    44
       Tailslap          |    11 |     6 |     5 ||    22
       Headbutt          |     7 |    12 |     8 ||    27
       Punch             |     3 |     2 |     1 ||     6
 Cast: Beastly Appendage |    24 |    14 |     6 ||    44
       Spider Form       |       |    20 |     4 ||    24
       Ozocubu's Armour  |       |       |     2 ||     2
 Abil: Breathe Acid      |       |       |     1 ||     1
  Use: Scroll            |       |       |     1 ||     1
       Potion            |       |       |     1 ||     1
 Stab: Sleeping          |       |       |     1 ||     1
Armor: Skin              |    24 |    40 |     6 ||    70
Dodge: Dodged            |    69 |   226 |    37 ||   332
